cohdb
Replays
Latest Replays
All Replays
Popular Replays
Top Player Replays
Match Explorer
How It Works
Community
CoH3 Stats
Reddit
Sign in to upload your games and track your stats! →
Sign in with Steam
Match 26896311
Unlisted
Match 26896311
Overview
Messages
Build Orders
End
Panzergrenadier Squad
Panzergrenadier Squad
250 Light Carrier
Construct Light Support Kompanie
Selects Italian Infantry
Fire Support Elements
Selects Guastatori Squad
Flakvierling Half-track
Panzerjäger Mechanized Group
Vehicle Survival Package
2.5-tonne Medical Truck
Veteran Squad Leaders
Combat Half-tracks
Selects Defensive Operations
Pak 38 Anti-tank Gun Team
le.IG 18 Mechanized Group
Construct Panzerarmee Kommand
Selects Prepared Positions
Selects Registered Artillery
Panzer III L Medium Tank
Registered Artillery
Registered Artillery
Panzer III L Medium Tank
Emergency Repair Kits
Selects Obice 305mm Barrage
Selects Towed Cannone da 105/28 Field Howitzer
Panzer III L Medium Tank
Pak 38 Mechanized Group
Panzer III L Medium Tank
Tungsten Core Ammunition
Panzer III L Medium Tank
Pak 38 Mechanized Group
Cknight 70th
Basha
Mikhail
TidaL
Mithrandir
FJXddddd
0
0
Comments
sign in to comment!
No comments posted yet!